AoeStats
← 8

Arena

509780525Analyzed
3v3 RM · 6d ago on Sep 28, 2026· 34m 7s· 6 players
Game mode
Random Map
Map size
Normal (6 player)
Population
200
Speed
Normal
Resources
Standard
Victory
Conquest
Starting age
Dark Age
Ending age
Imperial Age
RankedLock teamsTeams togetherTeam positionsShared explorationLock speedFull tech treeHidden civsTurbo modeCheats
Victory
Defeat
🇺🇸 Khmer · United States
1211
+13
🇺🇸 Dravidians · United States
1147
+15
🇮🇳 Italians · India
1143
+15
🇵🇹 Spanish · Portugal
1264
-20
🇧🇷 Franks · Brazil
1074
-22
🇨🇦 Saxons · Canada
1053
-11
Ra
10:17 Feudal Age
10:42 Loom
13:18 Castle Age
11:59 Double-Bit Axe
12:45 Horse Collar
19:13 Bloodlines
19:27 Bloodlines
20:01 Scale Barding Armor
24:42 Chain Barding Armor
24:33 Forging
24:26 Husbandry
dipsh*t
10:38 Feudal Age
14:19 Castle Age
12:40 Double-Bit Axe
13:10 Horse Collar
15:45 Bow Saw
19:20 Loom
20:42 Fortified Wall
20:44 Masonry
24:09 Wheelbarrow
26:17 Fletching
8
10:14 Feudal Age
14:15 Castle Age
12:33 Double-Bit Axe
15:10 Fletching
17:33 Crossbowman
19:49 Bodkin Arrow
20:05 Gold Mining
27:11 Padded Archer Armor
29:22 Bow Saw
33:58 Imperial Age
33:17 Leather Archer Armor
Unbreakable
8:29 Loom
10:15 Feudal Age
14:44 Castle Age
13:47 Double-Bit Axe
16:56 Bow Saw
22:14 Scale Mail Armor
24:37 Horse Collar
darkdavixi
9:11 Feudal Age
14:36 Castle Age
13:24 Double-Bit Axe
15:46 Loom
DRPISTOLO
12:04 Feudal Age
16:04 Castle Age
14:18 Double-Bit Axe
23:07 Forging
25:28 Scale Barding Armor
27:36 Iron Casting
28:08 Chain Barding Armor
28:43 Gold Mining
29:38 Wheelbarrow
31:19 Gold Shaft Mining
31:34 Fletching
Connection lost

Rejoining the realm…

Still unreachable

The connection could not be restored.

Session expired

The server has moved on; the page needs a fresh start.